 Dungeon Crawl Stone Soup version 0.31-a0-692-gf03d1854d5 (webtiles) character file.

Game seed: 7828711358356464399

369 qw the Shooter (level 6, -3/37 HPs)
             Began as a Gargoyle Hunter on Sept 6, 2023.
             Killed by divine providence
             ... invoked by an orc priest
              (11 damage)
             ... on level 4 of the Dungeon.
             The game lasted 00:00:58 (1824 turns).

qw the Shooter (Gargoyle Hunter)                    Turns: 1824, Time: 00:00:59

Health: -3/37      AC: 11    Str: 15    XL:     6   Next: 70%
Magic:  6/6        EV: 16    Int:  9    God:
Gold:   106        SH:  0    Dex: 15    Spells: 5/5 levels left

rFire   . . .        Y - +0 shortbow
rCold   . . .        (shield currently unavailable)
rNeg    + . .        e - +0 ring mail
rPois   inf          (no helmet)
rElec   +            (no cloak)
rCorr   .            (no gloves)
SInv    .            h - +0 pair of boots
Will    .....        (no amulet)
Stlth   +            i - +5 ring of evasion
HPRegen 0.26/turn    (no ring)
MPRegen 0.10/turn

%: no passive effects
@: no status effects
A: sickness immunity, AC +4, negative energy resistance 1, electricity
resistance, torment resistance 1, petrification resistance
a: no special abilities


You were on level 4 of the Dungeon.
You visited 1 branch of the dungeon, and saw 4 of its levels.

You collected 158 gold pieces.
You spent 52 gold pieces at shops.


Innate Abilities, Weirdness & Mutations

You are immune to sickness and miasma.
Your stone body is resilient. (AC +4)
You are immune to poison.
You resist negative energy. (rN+)
You are resistant to electric shocks. (rElec)
You are resistant to unholy torment.
You are immune to petrification.


   Skills:
 + Level 3.0 Fighting
 - Level 6.1 Ranged Weapons
 - Level 4.5 Armour
 - Level 1.5 Dodging
 - Level 1.1 Stealth


You had 5 spell levels left.
You didn't know any spells.
Your spell library was empty.

Inventory:

Hand Weapons
 Y - a +0 shortbow (weapon)
Armour
 e - a +0 ring mail (worn)
 h - a +0 pair of boots (worn)
Jewellery
 a - a ring of see invisible
 i - a +5 ring of evasion (left hand)
Scrolls
 f - 2 scrolls of identify
Potions
 b - 3 potions of curing
 d - a potion of mutation
 g - a potion of cancellation

Dungeon Overview and Level Annotations

Branches:
Dungeon (4/15)
 Temple: D:4-7

Altars:

Shops:
D:2 ?


Message History

The orc priest's wounds heal themselves!
The orc priest barely misses you.
You shoot an arrow. The arrow barely misses the orc priest.
The arrow closely misses the orc priest.
The orc priest calls upon Beogh to heal the orc priest.
The orc priest is healed somewhat.
You shoot an arrow.
The arrow closely misses the orc priest.
The arrow hits the orc priest!
The orc priest is severely wounded.
The orc priest barely misses you.
You shoot an arrow. The arrow hits the orc priest.
The orc priest is lightly wounded.
The orc priest misses you.
You shoot an arrow. The arrow hits the orc priest.
The orc priest is lightly wounded.
The orc priest casts a cantrip, but nothing happens.
The orc priest invokes the aid of Beogh against you.
Pain shoots through your body!
The orc priest calls down the wrath of Beogh upon you.
Beogh smites you!
The orc priest calls upon Beogh to heal the orc priest.
The orc priest is healed somewhat.
You shoot an arrow. The arrow hits the orc priest.
The orc priest is lightly wounded.
The orc priest barely misses you.
You shoot an arrow. The arrow hits the orc priest!
The orc priest is severely wounded.
The orc priest completely misses you.
You shoot an arrow. The arrow hits the orc priest!
You kill the orc priest!
Your Ranged Weapons skill increases to level 6!
You shoot an arrow. The arrow hits the orc priest.
The orc priest is severely wounded.
The orc priest barely misses you.
You shoot an arrow. The arrow barely misses the orc priest.
The arrow hits the orc but does no damage.
The orc priest calls down the wrath of Beogh upon you.
Beogh smites you!
You die...

#.#######.###.#..#
#.........# #.#..#
########### #.#..#
#.#..####
##########.#.....#
..........>#..##.#
##### #####....#..##.#
......####..####).##.#
.....)oo@..## #<.##.#
......###### ##.##.#
..=.. #.##.# ....
#.##.# ... #....# ..
###### .


You could see an orc priest and an orc.

Vanquished Creatures
  Sigmund (D:2)
  2 orc priests (D:4)
  An adder (D:2)
  6 gnolls
  A worm (D:3)
  3 dart slugs
  An orc (D:4)
  3 ball pythons
  9 bats
  5 endoplasms
  5 giant cockroaches
  10 goblins
  7 hobgoblins (D:1)
  2 quokkas (D:3)
  12 kobolds
  7 rats
75 creatures vanquished.

Notes
Turn   | Place    | Note
-------+----------+-------------------------------------------
     0 | D:1      | qw the Gargoyle Hunter began the quest for the Orb.
     0 | D:1      | Reached XP level 1. HP: 12/12 MP: 1/1
     0 | D:1      | 0 ||| qw: Version: 0.3-a-76-g4403597
     0 | D:1      | 0 ||| qw: Game counter: 314
     0 | D:1      | 0 ||| qw: Melee chars always use a shield: true
     0 | D:1      | 0 ||| qw: God list: Okawaru
     0 | D:1      | 0 ||| qw: Allow faded altars: false
     0 | D:1      | 0 ||| qw: Do Orc after clearing Dungeon:15 true
     0 | D:1      | 0 ||| qw: Do second Lair branch before Depths: true
     0 | D:1      | 0 ||| qw: Lair rune preference: random
     0 | D:1      | 0 ||| qw: Goals: Normal
     0 | D:1      | 0 ||| PLANNING D:1-11
   119 | D:1      | Reached XP level 2. HP: 17/17 MP: 2/2
   207 | D:1      | Reached XP level 3. HP: 21/21 MP: 3/3
   215 | D:1      | 215 ||| Stepping ~*~*~tactically~*~*~ (outnumbered).
   221 | D:1      | Reached skill level 5 in Ranged Weapons
   397 | D:1      | Reached skill level 3 in Fighting
   529 | D:1      | 529 ||| UPGRADING to +0 ring mail.
   539 | D:1      | 539 ||| DROPPING +0 leather armour.
   540 | D:1      | 540 ||| UPGRADING to +0 pair of boots.
   545 | D:1      | 545 ||| UPGRADING to +5 ring of evasion.
   546 | D:1      | 546 ||| READING scroll labelled VAIRIY YFOO.
   547 | D:1      | 547 ||| READING 3 scrolls labelled VASINL CEILENY.
   548 | D:1      | 548 ||| READING 2 scrolls of identify.
   548 | D:1      | 548 ||| IDENTIFYING white potion
   549 | D:1      | 549 ||| DROPPING scroll of butterflies.
   592 | D:2      | Noticed Sigmund
   601 | D:2      | 601 ||| DRINKING potion of curing.
   601 | D:2      | 601 ||| (to cure confusion)
   608 | D:2      | Reached XP level 4. HP: 24/28 MP: 4/4
   613 | D:2      | Killed Sigmund
   614 | D:2      | Reached XP level 5. HP: 20/32 MP: 5/5
   626 | D:2      | 626 ||| FLEEEEING.
   636 | D:2      | 636 ||| STAIRDANCE
   664 | D:2      | Found the +5 woodcutter's axe
   973 | D:2      | 973 ||| Stepping ~*~*~tactically~*~*~ (outnumbered).
   974 | D:2      | 974 ||| Stepping ~*~*~tactically~*~*~ (outnumbered).
   978 | D:2      | Reached XP level 6. HP: 37/37 MP: 6/6
  1155 | D:2      | Found Iryami Mine's Magic Scroll Shop.
  1158 | D:2      | 1158 ||| SHOPLISTING scroll of enchant armour (97 gold,
                  | have 93).
  1158 | D:2      | 1158 ||| SHOPLISTING scroll of enchant weapon (97 gold,
                  | have 93).
  1158 | D:2      | 1158 ||| BUYING scroll of identify (26 gold).
  1158 | D:2      | Bought a scroll of identify for 26 gold pieces
  1158 | D:2      | 1158 ||| BUYING scroll of identify (26 gold).
  1158 | D:2      | Bought a scroll of identify for 26 gold pieces
  1273 | D:2      | 1273 ||| READING scroll labelled OTEZEGOSAGH.
  1274 | D:2      | 1274 ||| READING scroll labelled NOTIJAABUDI.
  1275 | D:2      | 1275 ||| READING 5 scrolls of identify.
  1275 | D:2      | 1275 ||| IDENTIFYING brown potion
  1276 | D:2      | 1276 ||| READING 4 scrolls of identify.
  1276 | D:2      | 1276 ||| IDENTIFYING cyan potion
  1277 | D:2      | 1277 ||| READING 3 scrolls of identify.
  1277 | D:2      | 1277 ||| IDENTIFYING silvery potion
  1278 | D:2      | 1278 ||| DROPPING potion of degeneration.
  1279 | D:2      | 1279 ||| DROPPING potion of brilliance.
  1372 | D:3      | Found the +9 sword of Zonguldrok {reap}
  1701 | D:3      | 1701 ||| DROPPING +6 ring of intelligence.
  1702 | D:3      | 1702 ||| READING scroll labelled MOFUPPI IDWU.
  1706 | D:3      | 1706 ||| READING 2 scrolls labelled CAATHIE REVIR.
  1707 | D:3      | 1707 ||| READING 3 scrolls of identify.
  1707 | D:3      | 1707 ||| IDENTIFYING bubbling cyan potion
  1708 | D:3      | 1708 ||| DROPPING scroll of noise.
  1714 | D:4      | 1714 ||| STAIRDANCE
  1808 | D:4      | 1808 ||| Stepping ~*~*~tactically~*~*~ (outnumbered).
  1819 | D:4      | HP: 6/37 [orc priest/divine providence (14)]
  1823 | D:4      | Reached skill level 6 in Ranged Weapons
  1824 | D:4      | Killed from afar by an orc priest

Levels and vault maps discovered:
D:1:      nagdon_arrival_double_spiral, layout_basic
D:2:      layout_basic, serial_shops, nicolae_shop_rolled_up, uniq_sigmund
D:3:      layout_rooms
D:4:      layout_basic, minmay_temple_entry_mini_moons, minmay_gold_behind_fungi

Skill      XL: |  1  2  3  4  5  6 |
---------------+-------------------+-----
Ranged Weapons | 5 6 |  6.1
Fighting       | 3 |  3.0
Armour         | 4 |  4.5
Dodging        | |  1.5
Stealth        | |  1.1

Action                     |  1- 3 |  4- 6 || total
---------------------------+-------+-------++-------
   Fire: Shortbow          |    93 |   133 ||   226
    Use: Scroll            |     3 |     8 ||    11
         Potion            |     1 |       ||     1
 Armour: Leather armour    |    11 |       ||    11
         Ring mail         |     8 |    16 ||    24
  Dodge: Dodged            |    24 |    55 ||    79

Table legend:
 A = Non-vault XP
 B = Vault XP
 C = Vault XP percentage of total XP
 D = Non-vault monster count
 E = Vault monster count
 F = Vault count percentage of total count
                 A         B        C        D         E       F
            +---------+---------+-------+---------+---------+-------
      Total |     305 |     223 |  42.2 |      74 |       1 |   1.3
            +---------+---------+-------+---------+---------+-------
        D:1 |      73 |       0 |   0.0 |      28 |       0 |   0.0
        D:2 |      50 |     223 |  81.7 |      21 |       1 |   4.5
        D:3 |      87 |       0 |   0.0 |      19 |       0 |   0.0
        D:4 |      95 |       0 |   0.0 |       6 |       0 |   0.0
            +---------+---------+-------+---------+---------+-------
